 Dungeon Crawl Stone Soup version 0.29.1-13-g9f3cf754e1 (webtiles) character file.

Game seed: 4010572731688495731

224 Priul the Grave Robber (level 5, 0/28 HPs)
             Began as a Deep Elf Necromancer on Feb 8, 2023.
             Slain by an endoplasm (3 damage)
             ... on level 4 of the Dungeon.
             The game lasted 00:18:47 (3475 turns).

Priul the Grave Robber (Deep Elf Necromancer)       Turns: 3475, Time: 00:18:47

Health: 0/28       AC:  4    Str:  5      XL:     5   Next: 67%
Magic:  8/15       EV: 12    Int: 22      God:
Gold:   166        SH:  0    Dex: 12 (15) Spells: 7/15 levels left

rFire   . . .      SeeInvis .   B - +0 sling
rCold   . . .      Faith    .   (no shield)
rNeg    + . .      Spirit   .   a - +0 robe
rPois   .          Reflect  .   A - +0 helmet
rElec   .          Harm     .   (no cloak)
rCorr   .          Rampage  .   (no gloves)
Will    .....                   v - +0 pair of boots
Stlth   ++........              (no amulet)
HPRegen 0.09/turn               o - ring of positive energy
MPRegen 0.14/turn               (no ring)

@: about to teleport
A: no striking features
a: no special abilities


You were on level 4 of the Dungeon.
You visited 1 branch of the dungeon, and saw 4 of its levels.

You collected 166 gold pieces.

Inventory:

Hand Weapons
 y - a +1 halberd of venom
 B - a +0 sling (weapon)
Missiles
 e - 3 boomerangs
 h - 2 poisoned darts
 s - 5 boomerangs of dispersal
Armour
 a - a +0 robe (worn)
 v - a +0 pair of boots (worn)
 A - a +0 helmet (worn)
Jewellery
 o - a ring of positive energy (left hand)
Wands
 C - a wand of iceblast (7) (quivered)
Scrolls
 c - 3 scrolls of identify
 d - 2 scrolls of enchant weapon
 f - a scroll of fear {unknown}
 j - a scroll of torment {unknown}
 l - a scroll of noise {unknown}
 m - a scroll of poison
 r - a scroll of silence {unknown}
 t - a scroll of brand weapon {unknown}
 u - a scroll of immolation {unknown}
Potions
 b - a potion of magic
 g - a potion of brilliance {unknown}
 n - a potion of berserk rage {unknown}
 q - a potion of attraction {unknown}
 w - 2 potions of curing
 x - a potion of mutation {unknown}
 z - a potion of haste {unknown}
 D - a potion of might {unknown}


   Skills:
 + Level 2.5 Dodging
 + Level 3.0 Stealth
 + Level 5.6 Spellcasting
 + Level 6.9 Necromancy


You had 7 spell levels left.
You knew the following spells:

 Your Spells              Type           Power      Damage    Failure   Level
a - Necrotise             Necr           100%       1d9       1%          1
b - Vampiric Draining     Necr           36%        2d8       1%          3
c - Animate Dead          Necr           36%        N/A       5%          4

Your spell library contained the following spells:

 Spells                   Type           Power      Damage    Failure   Level
 Agony                    Necr           36%        N/A       16%         5


Dungeon Overview and Level Annotations

Branches:
Dungeon (4/15)
 Temple: D:4-7

Altars:

Shops:
D:4 (

Annotations:
D:2 1 runed translucent door, Crazy Yiuf
D:4 Eustachio


Message History

The quasit claws you but does no damage.
The quasit barely misses you.
Your kobold zombie hits the endoplasm.
The endoplasm hits you but does no damage.
The shadow imp hits your kobold zombie.
Your kobold zombie is destroyed!
As you read the scroll labelled AKHYKU ELETE, it crumbles to dust.
You feel strangely unstable.
It was a scroll of teleportation.
The quasit misses you. The quasit closely misses you.
The quasit claws you but does no damage.
The endoplasm barely misses you. The quasit bites you.
You feel clumsy.
The quasit claws you but does no damage.
The quasit completely misses you.
Aiming: Iceblast
Press: ? - help, Q - select action, (/) - cycle Shift-Dir - straight line, f - endoplasm
Aim: an endoplasm (moderately wounded) That beam is likely to hit you.
Continue anyway?
Okay, then.
Fire: B) +0 sling
Press: ? - help, Shift-Dir - straight line, f/p - endoplasm
Aim: an endoplasm (moderately wounded, 83% to hit)
You shoot a sling bullet.
The sling bullet hits the endoplasm but does no damage.
The endoplasm is moderately wounded.
The quasit closely misses you.
The quasit claws you but does no damage.
The quasit barely misses you. The endoplasm freezes you.
You are frozen.
The shadow imp hits you but does no damage.
The quasit bites you but does no damage.
The quasit completely misses you. The quasit claws you. The endoplasm hits you.
* * * LOW HITPOINT WARNING * * *
The shadow imp hits you but does no damage.
The shadow imp misses you. The quasit bites you.
* * * LOW HITPOINT WARNING * * *
The quasit claws you but does no damage.
The quasit closely misses you. The endoplasm hits you.
You die...

###### #.#.†.∩.((.#
......##..§§§.....#
..........#☼§...#.#
.........§##§○.##.#
.........§§○§☼....###
..........)☼§☼§......
..>###...)...°§#####.
##...###.r5###5J§##
.#.....#.###.#.5@§§#
..#...#...#.°.#5°§#°§°#
..#####...#°..##### .§#
#.#...#...#...# #
#.....#.###.#.
###...###...###.
.#.###.# .... ## #...#
..#..(#.. #...# ..#####
.


You could see a quasit (summoned), 2 shadow imps and an endoplasm.

Vanquished Creatures
  Terence (D:3)
  Robin (D:3)
  7 gnolls
  3 adders
  2 worms (D:2)
  2 dart slugs
  6 ball pythons
  6 bats
  4 endoplasms
  3 giant cockroaches
  7 goblins
  5 hobgoblins
  3 jackals (D:3)
  9 kobolds
  6 quokkas
  4 frilled lizards
  5 rats
74 creatures vanquished.

Vanquished Creatures (collateral kills)
  A white imp (D:3)
  A jackal (D:3)
  A ball python (D:4)
  A frilled lizard (D:3)
4 creatures vanquished.

Vanquished Creatures (others)
  A ball python zombie (D:4)
  A giant cockroach zombie (D:4)
  2 gnoll zombies (D:3)
  5 goblin zombies (D:3)
  A jackal zombie (D:3)
  3 kobold zombies
13 creatures vanquished.

Grand Total: 91 creatures vanquished

Notes
Turn   | Place    | Note
-------+----------+-------------------------------------------
     0 | D:1      | Priul the Deep Elf Necromancer began the quest for the Orb.
     0 | D:1      | Reached XP level 1. HP: 10/10 MP: 6/6
    95 | D:1      | Reached skill level 5 in Necromancy
   286 | D:1      | Reached XP level 2. HP: 15/15 MP: 4/8
  1172 | D:2      | Reached XP level 3. HP: 14/19 MP: 7/10
  1203 | D:2      | Learned a level 3 spell: Vampiric Draining
  1567 | D:2      | Found a faded altar of an unknown god.
  1624 | D:2      | Reached skill level 6 in Necromancy
  1624 | D:2      | Reached XP level 4. HP: 24/24 MP: 8/12
  1745 | D:2      | Learned a level 4 spell: Animate Dead
  1863 | D:2      | Found a runed translucent door.
  1864 | D:2      | Noticed Crazy Yiuf
  2211 | D:3      | Noticed Robin
  2255 | D:3      | Killed Robin
  2554 | D:3      | Noticed Terence
  2565 | D:3      | Killed Terence
  2566 | D:3      | Reached skill level 5 in Spellcasting
  2566 | D:3      | Reached XP level 5. HP: 24/28 MP: 2/14
  3327 | D:4      | Noticed Eustachio
  3349 | D:4      | Found Nadoo's Weapon Emporium.
  3475 | D:4      | Slain by an endoplasm

Illustrated notes

Levels and vault maps discovered:
D:1:      amcnicky_arrival_single_pillar, layout_basic
D:2:      layout_basic, basic_ecumenical_altar, minmay_circled_x,
          uniq_crazy_yiuf_cottage
D:3:      layout_loops_ring, uniq_robin, uniq_terence
D:4:      nicolae_cairo_tiling, layout_rooms, serial_shops,
          nicolae_shop_bloodbath_and_beyond, nicolae_zen_rock_garden,
          uniq_menkaure, uniq_eustachio

Skill      XL: |  1  2  3  4 |
---------------+-------------+-----
Necromancy     | 5 6 |  6.9
Stealth        | 3 |  3.0
Spellcasting   | 4 5 |  5.6
Dodging        | |  2.5

Action                   |  1- 3 |  4- 6 || total
-------------------------+-------+-------++-------
 Fire: Sling             |       |     5 ||     5
Throw: Javelin           |     2 |     5 ||     7
 Cast: Necrotise         |    58 |    67 ||   125
       Animate Dead      |       |     6 ||     6
       Vampiric Draining |       |     6 ||     6
Evoke: Wand              |       |     1 ||     1
  Use: Scroll            |       |     3 ||     3
       Potion            |       |     2 ||     2
Armor: Robe              |     4 |    28 ||    32
Dodge: Dodged            |    13 |    54 ||    67
